[Event "*** SCC Grand Prix: Titled Tuesday Blitz"]
[Site "Chess.com"]
[Date "2020.07.07"]
[Round "5"]
[White "TST2014"]
[Black "chargemax23"]
[Result "0-1"]
[WhiteElo "2490"]
[BlackElo "2689"]
[TimeControl "180+1"]
[EndTime "10:56:58 PDT"]
[Termination "chargemax23 won by checkmate"]

1. d4 Nf6 2. c4 d6 3. Nf3 Bf5 4.
Nc3 h6 5. Qb3 Qc8 6. g3 Nbd7 7.
Bg2 c6 8. O-O e5 9. Re1 Be7 10. c5 dxc5 11. dxe5 Ng4 12. Bf4 g5 13. h3 gxf4 14. hxg4 Be6 15. Qc2 fxg3 16. fxg3 Qc7 17. Qe4 Rg8 18. Bh3 O-O-O 19. Kh2 c4 20. Qf4 Qb6 21. Ne4 Kb8 22. b3 cxb3 23. axb3 Nc5 24. Nd6 f6 25. Nc4 fxe5 26. Nfxe5 Qc7 27. Qe3 Bd5 28.
Nd3 b6 29. b4 Ne4 30. Nce5 Bd6 31. Qd4 Rde8 32. b5 Bxe5 33. Nxe5 Qxe5 34. Qxe5+ Rxe5 35. bxc6 Bxc6 36. e3 Nc5 37. Bg2 Bxg2 38. Kxg2 Rxg4 39.
Kf3 Rge4 40. Ra3 h5 41. Rh1 Kb7 42. Rh4 Rxh4 43. gxh4 Re4 44. Kg3 Rg4+ 45. Kh3 a5 46. Rc3 a4 47. Ra3 b5 48. Rc3 Kb6 49. e4 b4 50. Re3 Rxe4 51. Rf3 b3 52. Rf5 b2 53.
Rf6+ Kb5 54. Rf8 Rb4 55. Rb8+ Kc4 56. Rf8 b1=Q 57. Rf4+ Kb5 58. Rf3 Qe4 59. Kg3 Qg4+ 60. Kf2 Rb2+ 61. Ke3 Rb3+ 62. Kd2 Qxf3 63. Kc2 Qe2+ 64.
Kc1 Nd3# 0-1

[Event "*** SCC Grand Prix: Titled Tuesday Blitz"]
[Site "Chess.com"]
[Date "2020.07.07"]
[Round "5"]
[White "Flawless_Fighter"]
[Black "ajian"]
[Result "1-0"]
[WhiteElo "2578"]
[BlackElo "2421"]
[TimeControl "180+1"]
[EndTime "10:56:58 PDT"]
[Termination "Flawless_Fighter won by checkmate"]

1. e4 c5 2. Nf3 Nc6 3. Bb5 g6 4. Bxc6 dxc6 5. d3 Bg7 6. h3 Nf6 7. Nc3 O-O 8. Be3 b6 9. Qd2 e5 10. Bh6 Qd6 11. O-O Nh5 12. Bxg7 Kxg7 13. Rae1 Be6 14. b3 Rad8 15. Ne2 c4 16. bxc4 Bxc4 17. Qc3 Bxa2 18. g4 Nf6 19. Nxe5 Kg8 20. Ra1 Be6 21.
Rxa7 Nd7 22. f4 f6 23. Nxc6 Rc8 24. Ned4 b5 25. Qa3 b4 26. Qa6 Nc5 27. Ne7+ Qxe7 28. Rxe7 Nxa6 29. Rxe6 Rfd8 30. Rxa6 Rxd4 31. Rf2 b3 32.
cxb3 Rxd3 33. Rxf6 Rg3+ 34. Kh2 Rxb3 35. f5 Rcc3 36.
fxg6 Rxh3+ 37. Kg2 Rhg3+ 38. Kh2 Rh3+ 39. Kg1 Rhg3+ 40.
Rg2 Rb1+ 41. Kh2 Rxg2+ 42. Kxg2 hxg6 43. Rxg6+ Kf7 44. Rc6 Rb4 45. Kf3 Rb3+ 46. Kf4 Rb1 47. Rc7+ Ke6 48. Rc6+ Kf7 49. Ra6 Rf1+ 50. Ke5 Rg1 51.
Rf6+ Kg7 52. Rf4 Ra1 53. Kf5 Ra5+ 54. e5 Ra6 55. Rb4 Kh6 56. g5+ Kg7 57. Rb7+ Kf8 58. e6 Ra1 59. Kf6 Rf1+ 60. Kg6 Ke8 61. Rf7 Rg1 62.
Rf6 Re1 63. Kh7 Rh1+ 64. Kg7 Rg1 65. g6 Rg2 66. Rf7 Rg1 67. Ra7 Kd8 68. Kf8 Rxg6 69.
e7+ Kc8 70. e8=Q# 1-0

[Event "*** SCC Grand Prix: Titled Tuesday Blitz"]
[Site "Chess.com"]
[Date "2020.07.07"]
[Round "5"]
[White "FontVella8"]
[Black "pavlitas17"]
[Result "0-1"]
[WhiteElo "2429"]
[BlackElo "2302"]
[TimeControl "180+1"]
[EndTime "10:56:58 PDT"]
[Termination "pavlitas17 won by checkmate"]

1. e4 c5 2. Nf3 d6 3. d4 cxd4 4. Nxd4 Nf6 5. f3 g6 6. c4 Bg7 7. Nc3 O-O 8. Be3 Nc6 9. Qd2 Nxd4 10. Bxd4 Bd7 11. Be2 b6 12. O-O Rc8 13. Rac1 Be6 14. b3 Bd7 15. Rfd1 Be6 16. f4 Ne8 17. Bf3 Qc7 18.
Nb5 Qb8 19. Bxg7 Kxg7 20. Nd4 Bd7 21. f5 Nf6 22. Qf2 Rc5 23. g4 Bc8 24. Qh4 h6 25.
Bg2 g5 26. Qg3 Nd7 27. Nf3 Ne5 28.
h4 Nxf3+ 29. Bxf3 Re5 30. Rd4 Bb7 31. Rcd1 Qc7 32. Kg2 Qc5 33. Qh2 Rh8 34. Qg1 Qc7 35. Qe3 gxh4 36. Kh3 d5 37. Qf4 Qd6 38. exd5 h5 39.
Re4 Rxe4 40. Qxd6 exd6 41. Bxe4 hxg4+ 42. Kxg4 Kf6 43. Rh1 Bc8 44. Rxh4 Rxh4+ 45. Kxh4 Bxf5 46. Bf3 Bb1 47. a3 Bc2 48. b4 Bd3 49. c5 bxc5 50. bxc5 dxc5 51. Kg3 Ke5 52. Kf2 c4 53. Ke3 f5 54. a4 Be4 55. Bxe4 fxe4 56. d6 Kxd6 57. Kxe4 Kc5 58. a5 Kb4 59. a6 c3 60. Kd5 c2 61. Kc6 c1=Q+ 62. Kb7 Kb5 63. Kxa7 Qc7+ 64. Ka8 Kb6 65. a7 Qc8# 0-1

[Event "*** SCC Grand Prix: Titled Tuesday Blitz"]
[Site "Chess.com"]
[Date "2020.07.07"]
[Round "5"]
[White "Reader777"]
[Black "Nikithebest"]
[Result "1-0"]
[WhiteElo "2672"]
[BlackElo "2473"]
[TimeControl "180+1"]
[EndTime "10:56:59 PDT"]
[Termination "Reader777 won by resignation"]

1. d4 Nf6 2. c4 c5 3. d5 b5 4. cxb5 a6 5. b6 Qxb6 6. Nc3 d6 7. e4 g6 8. Nf3 Bg7 9. Be2 O-O 10.
Nd2 Nbd7 11. Nc4 Qc7 12. Bf4 Rb8 13. O-O Ne8 14. Rc1 Qa7 15. Qd2 Nc7 16. Be3 Nb5 17.
Na5 Bb7 18. Nxb5 axb5 19. Bxb5 Nf6 20. Bd3 Qa8 21. f3 Rfc8 22. b3 Nd7 23. a4 Ne5 24.
Bb5 Ba6 25. Nc6 Nxc6 26. Bxc6 Rxc6 27. dxc6 Bxf1 28. Rxf1 Qxc6 29. Qd3 Qb7 30. Rb1 Qb4 31. Bd2 Qb6 32. Qc4 Bd4+ 33. Kf1 Be5 34. b4 cxb4 35.
Rxb4 Qa7 36. Rxb8+ Qxb8 37. a5 Qa7 38. Ke2 Kg7 39. a6 Bd4 40. Qb5 Bc5 41. Qb7 h5 42. Qxa7 Bxa7 43. Be3 Bb8 44. a7 Bxa7 45. Bxa7 e6 46.
Bb8 d5 47. exd5 exd5 48. Kd3 Kf6 49. Kd4 Ke6 50. h4 f6 51. Bf4 Kf5 52. Be3 g5 53. g3 gxh4 54. gxh4 Ke6 55. Bf4 Kf5 56. Bg3 Ke6 57. Bh2 f5 58. Be5 f4 59. Bxf4 Kf5 60.
Bg5 Ke6 61. f4 Kf5 62. Kxd5 1-0

[Event "*** SCC Grand Prix: Titled Tuesday Blitz"]
[Site "Chess.com"]
[Date "2020.07.07"]
[Round "5"]
[White "bascheyaro"]
[Black "Srisshhhtea"]
[Result "1-0"]
[WhiteElo "2702"]
[BlackElo "2501"]
[TimeControl "180+1"]
[EndTime "10:57:00 PDT"]
[Termination "bascheyaro won by resignation"]

1. d4 Nf6 2. c4 c5 3. Nf3 g6 4. Nc3 cxd4 5. Nxd4 Bg7 6. g3 O-O 7. Bg2 Nc6 8. O-O Nxd4 9. Qxd4 d6 10. h3 Qa5 11. Qd3 Bf5 12. e4 Be6 13. Bd2 Qh5 14.
g4 Qc5 15. b3 h5 16. g5 Nd7 17.
Rac1 Ne5 18. Qe2 Nc6 19. Be3 Bd4 20. Nd5 Bxe3 21. fxe3 Rae8 22. Qd2 Ne5 23. Qd4 Qc8 24. Nf4 b6 25. Kh2 Kh7 26. Rf2 Bd7 27. Rcf1 Kg8 28.
Nd3 Nxd3 29. Qxd3 Qc7 30. Kg1 Be6 31. a4 Rc8 32. h4 Qd7 33. Kh2 Qc7 34. Rf4 Bd7 35.
R1f2 Bg4 36. Bf1 Be6 37. Be2 Bd7 38. Qc3 Be6 39. Kg2 a6 40. Qd4 b5 41. cxb5 axb5 42.
Bxb5 Bxb3 43. Qb2 Be6 44. Rd2 Qc3 45. Kf2 Qa5 46. e5 dxe5 47. Re4 Rfd8 48. Re2 Bg4 49. Rxe5 Bxe2 50. Bxe2 e6 51. Rxa5 Rb8 52. Qf6 Rf8 53. Ra7 Rbd8 54. a5 Rb8 55. a6 Rbc8 56. Rb7 Ra8 57. a7 Rac8 58. Bf3 Rcd8 59. Rxf7 Ra8 60.
Rxf8+ Rxf8 61. Qxf8+ Kxf8 62. a8=Q+ 1-0

[Event "*** SCC Grand Prix: Titled Tuesday Blitz"]
[Site "Chess.com"]
[Date "2020.07.07"]
[Round "5"]
[White "GoltsevDmitry2000"]
[Black "sergiochess83"]
[Result "0-1"]
[WhiteElo "2567"]
[BlackElo "2833"]
[TimeControl "180+1"]
[EndTime "10:57:01 PDT"]
[Termination "sergiochess83 won on time"]

1. e4 c5 2. Nf3 d6 3. d4 cxd4 4. Nxd4 Nf6 5. Nc3 a6 6. Be2 e6 7. O-O Be7 8. Be3 Qc7 9. f4 b5 10. a3 Bb7 11. Bf3 Nbd7 12. Qe2 O-O 13. Rad1 Rfe8 14.
Rfe1 Bf8 15. Bf2 e5 16. fxe5 Nxe5 17. Nf5 g6 18. Bh4 Nfd7 19. Ne3 Nb6 20. Kh1 Bg7 21. Ned5 Bxd5 22. Nxd5 Nxd5 23. Rxd5 Nxf3 24. Qxf3 Bxb2 25. Bf6 Bxf6 26. Qxf6 Re6 27. Qd4 Rae8 28. h3 Rc8 29. Re2 Qc4 30. Qd3 Qc3 31. Rxd6 Qa1+ 32. Qd1 Qxd1+ 33.
Rxd1 Rc4 34. Rd8+ Kg7 35. Ra8 Rc3 36. Ra7 Rxa3 37. e5 g5 38. Rf2 Rxe5 39. Rfxf7+ Kg6 40. Rxh7 Kf5 41. Rhf7+ Ke4 42. Rf6 a5 43. Kh2 b4 44.
Rf1 Rc5 45. Re1+ Kd4 46. Re2 Kc3 47. g3 Kb2 48. h4 gxh4 49. gxh4 Rxc2 50. Rxc2+ Kxc2 51. h5 b3 52. h6 Ra4 53. Kh3 b2 54. Rc7+ Kb3 55. h7 b1=Q 0-1

[Event "*** SCC Grand Prix: Titled Tuesday Blitz"]
[Site "Chess.com"]
[Date "2020.07.07"]
[Round "5"]
[White "platy3"]
[Black "gross-aleks"]
[Result "1-0"]
[WhiteElo "2799"]
[BlackElo "2606"]
[TimeControl "180+1"]
[EndTime "10:57:02 PDT"]
[Termination "platy3 won by resignation"]

1. e4 e5 2. Nf3 Nc6 3. Bc4 Bc5 4. O-O Nf6 5. d3 d6 6. c3 Bb6 7. Nbd2 Be6 8. a4 a6 9. b4 O-O 10. Bxe6 fxe6 11. Nc4 Ba7 12. Be3 Qe7 13. Bxa7 Nxa7 14. Ne3 Nc6 15. b5 Nd8 16. Nd2 Nf7 17. d4 axb5 18.
axb5 Rxa1 19. Qxa1 Nh5 20. g3 Ng5 21. Qd1 Nf6 22. f3 exd4 23. cxd4 d5 24. e5 Nd7 25. h4 Nf7 26. Qc2 Nb6 27. Rc1 Rc8 28. Nb3 Qe8 29.
Nc5 Nd8 30. Qd3 Ra8 31. Rc2 Ra5 32. Rb2 Qg6 33. Qxg6 hxg6 34. Kf2 Kf7 35. g4 Ra3 36. Rc2 Ke7 37. Nxb7 Kd7 38. Nxd8 Kxd8 39. Rc6 Kd7 40. Ng2 Rd3 41. Nf4 Rxd4 42. Nxe6 Rb4 43. Nc5+ Kd8 44. Ne6+ Kd7 45. Nxc7 Nc4 46. Nxd5 Rb2+ 47. Kg3 Nxe5 48. Rc3 Kd6 49. Nf4 Rxb5 50. Re3 Ra5 51. Ne2 Ke6 52. f4 Kd6 53. fxe5+ Ke7 54. Nf4 Ra4 55. e6 g5 56.
hxg5 Ra5 57. Ng6+ Ke8 58. Kh4 Rd5 59. Rf3 1-0

[Event "*** SCC Grand Prix: Titled Tuesday Blitz"]
[Site "Chess.com"]
[Date "2020.07.07"]
[Round "5"]
[White "Legendinunknown"]
[Black "Matibar"]
[Result "0-1"]
[WhiteElo "2568"]
[BlackElo "2741"]
[TimeControl "180+1"]
[EndTime "10:57:03 PDT"]
[Termination "Matibar won by resignation"]

1. d4 e6 2. c4 b6 3. a3 Bb7 4. Nc3 Nf6 5. d5 Bd6 6. Nf3 O-O 7. g3 c6 8. dxc6 dxc6 9. Bg2 c5 10. O-O Nc6 11. Be3 Qe7 12. Qc2 Rad8 13. Rad1 h6 14. h3 Ne5 15. Nb5 Nxf3+ 16. exf3 Bb8 17. Rfe1 Rxd1 18.
Qxd1 Rd8 19. Qc1 Bc6 20. Nc3 Qb7 21. Ne4 Nxe4 22. fxe4 Be5 23. b4 Bd4 24. Bf4 e5 25. Bd2 Qe7 26. b5 Bb7 27. Rf1 a6 28. a4 axb5 29.
axb5 Ra8 30. Bc3 Ra4 31. Bxd4 cxd4 32. Qc2 Ra3 33. Qb2 Qc5 34. Rc1 Bc8 35. Kh2 Be6 36. f4 f6 37. Qf2 Kh7 38. fxe5 fxe5 39. h4 Qc8 40. Qb2 Qa8 41. Rc2 Ra4 42. c5 bxc5 43. b6 Ra2 44. b7 Qb8 45. Qb1 Rxc2 46. Qxc2 Qxb7 47. Qxc5 Qb8 48. Qe7 Bg8 49. Bh3 Kh8 50.
Bf5 d3 51. Qd7 Qb2+ 52. Kh3 d2 53. Bg4 Qc1 54. Bf3 Qf1+ 55. Kg4 Qf2 56. h5 Kh7 57. Qf5+ Kh8 58. Qd7 Qe3 59. Qf5 Qg5+ 60. Qxg5 hxg5 61. Kxg5 Bb3 62. Kf5 d1=Q 63. Bxd1 Bxd1 64. Kg6 Bf3 65. h6 Bxe4+ 66. Kg5 gxh6+ 67. Kxh6 Kg8 68. Kg5 Kf7 69. Kg4 Kf6 70. Kh3 Kg5 71. Kh2 Kg4 72. Kg1 Kxg3 0-1

[Event "*** SCC Grand Prix: Titled Tuesday Blitz"]
[Site "Chess.com"]
[Date "2020.07.07"]
[Round "5"]
[White "TioCridineno"]
[Black "Falia-p"]
[Result "1/2-1/2"]
[WhiteElo "2113"]
[BlackElo "2304"]
[TimeControl "180+1"]
[EndTime "10:57:03 PDT"]
[Termination "Game drawn by agreement"]

1. e4 c6 2. c4 d5 3. exd5 cxd5 4. cxd5 Nf6 5. Nc3 g6 6. Bc4 Bg7 7. a4 O-O 8. d3 b6 9. Qb3 Nbd7 10. Be3 Bb7 11. h3 Rc8 12. Nge2 Nc5 13. Qa2 Qd7 14. O-O Rcd8 15. d4 Na6 16. a5 Nb4 17. Qb3 Nbxd5 18. axb6 axb6 19. Ra7 Qc6 20. Nxd5 Nxd5 21. Bxd5 Rxd5 22.
Nf4 Rb5 23. Qc3 e5 24. Qxc6 Bxc6 25. dxe5 Bxe5 26. Rc1 Bxf4 27. Bxf4 Bd5 28. Rc2 Re8 29. Be3 Rb3 30. Rd2 Be6 31. Rb7 b5 32. Kh2 h5 33. Bg5 Bc4 34. Bf6 Rd3 35. Rxd3 Bxd3 36.
Kg3 Bc4 37. b4 Rc8 38. f4 Re8 39. Kh4 Rc8 40. g4 hxg4 41. hxg4 Be2 42. Kg5 Bc4 43.
Ra7 Kf8 44. Ra1 Ke8 45. Re1+ Kd7 46. Re7+ Kd6 47. Re5 Ra8 48. Be7+ Kd7 49. Bc5 Ra2 50. Re7+ Kc6 51. f5 gxf5 52. gxf5 Rg2+ 53. Kf6 Re2 54.
Rxe2 Bxe2 55. Kxf7 Kd7 56. f6 Bc4+ 57. Kg7 Ke8 58.
Kg6 Bf7+ 59. Kf5 Bc4 60. Ke5 Kf7 61. Be7 Bf1 62. Kd6 Bc4 63. Kc5 Bf1 64. Kd4 Bc4 65.
Ke5 Bf1 66. Bd6 Bc4 67. Bc5 Bf1 68. Kf5 Bc4 69. Kg5 Bf1 70. Kh6 Bc4 71. Kg5 Bf1 72. Kf4 Kxf6 73. Ke4 Ke6 74. Kd4 Bc4 75. Bb6 1/2-1/2

[Event "*** SCC Grand Prix: Titled Tuesday Blitz"]
[Site "Chess.com"]
[Date "2020.07.07"]
[Round "5"]
[White "ambaixador"]
[Black "AlanTate"]
[Result "1/2-1/2"]
[WhiteElo "2337"]
[BlackElo "2161"]
[TimeControl "180+1"]
[EndTime "10:57:05 PDT"]
[Termination "Game drawn by repetition"]

1. Nf3 d5 2. d4 Nf6 3. c4 c6 4.
Qc2 dxc4 5. Qxc4 Bg4 6. Ne5 Be6 7. Qd3 Nbd7 8. e3 Nxe5 9. dxe5 Qxd3 10. Bxd3 O-O-O 11. Ke2 Ng4 12. f4 Rxd3 13. Kxd3 Nf2+ 14. Ke2 Nxh1 15. b3 Bd5 16. Kf1 h5 17. Kg1 h4 18.
Nc3 Ng3 19. hxg3 hxg3 20. e4 Be6 21. Ne2 Bg4 22. Nxg3 e6 23. Be3 Ba3 24. Kf2 g5 25. fxg5 Bb2 26. Rh1 Rxh1 27. Nxh1 Bxe5 28. Ng3 b6 29.
Ne2 c5 30. Nc1 Kd7 31. Nd3 Bc7 32. g3 Bd1 33. Bf4 Bc2 34. Ke3 Bxd3 35. Kxd3 e5 36.
Bc1 b5 37. a4 a6 38. axb5 axb5 39. Bb2 Ke6 40. Bc1 Bd8 41. Ke2 Be7 42. Kf3 Bd8 43. Kg4 Ba5 44. Kh5 Be1 45. g4 c4 46.
bxc4 bxc4 47. g6 fxg6+ 48. Kxg6 c3 49. g5 Bd2 50. Ba3 c2 51. Kh5 c1=Q 52. Bxc1 Bxc1 53. Kg6 Bd2 54. Kh5 Kf7 55. Kh6 Kg8 56. Kg6 Kf8 57. Kf6 Bf4 58. g6 Kg8 59. g7 Bg3 60. Kg6 Bf4 61. Kf6 Bh2 62. Kg6 Bg3 63. Kf6 Bf4 64.
Kg6 Be3 65. Kf6 Bf4 66. Kg6 Bg3 67. Kf6 Bf4 1/2-1/2

[Event "*** SCC Grand Prix: Titled Tuesday Blitz"]
[Site "Chess.com"]
[Date "2020.07.07"]
[Round "5"]
[White "BabyBoss31"]
[Black "Andrii_Prydun"]
[Result "1/2-1/2"]
[WhiteElo "2221"]
[BlackElo "2397"]
[TimeControl "180+1"]
[EndTime "10:57:06 PDT"]
[Termination "Game drawn by repetition"]

1. d4 d5 2. c4 c6 3. Nf3 Nf6 4. g3 e6 5. Qc2 Nbd7 6. Bg2 Be7 7.
O-O O-O 8. Nbd2 b6 9. e4 Bb7 10.
e5 Ne8 11. Rd1 Rc8 12. b3 a5 13. Bb2 Nc7 14. h4 h6 15. Rac1 Na6 16. Qb1 c5 17. dxc5 Naxc5 18. cxd5 Bxd5 19. Nc4 Be4 20. Qa1 Nd3 21.
Rc3 b5 22. Ncd2 Rxc3 23. Bxc3 Bd5 24. Nf1 N3c5 25. Ne3 Be4 26. Nd4 Bxg2 27. Kxg2 b4 28. Bb2 Qa8+ 29. Kg1 Nxe5 30. Ne2 Nf3+ 31. Kf1 f6 32.
Nf4 Qa6+ 33. Kg2 Qc6 34. Kf1 Ne4 35. Qc1 Qxc1 36. Rxc1 e5 37. Ng6 Re8 38. Nd5 Bc5 39. Ke2 Nd4+ 40. Kd3 f5 41. Kc4 Re6 42. f3 Rxg6 43.
fxe4 Ba7 44. exf5 Nxf5 45. Kd3 Rg4 46. Rf1 Rxg3+ 47. Ke4 Nxh4 48. Bxe5 Rg4+ 49. Kd3 Ng6 50. Bd6 Rg5 51. Ne3 Rh5 52. Kd2 Bxe3+ 53. Kxe3 Rh3+ 54.
Kd4 Nh4 55. Kc5 Nf3 56. Kb5 g5 57. Kxa5 g4 58. Kxb4 Rh4 59. Bg3 Rh3 60. Bf4 h5 61. a4 Nh4 62. a5 g3 63. a6 g2 64. Rg1 Rf3 65. a7 Rxf4+ 66. Kb5 Rf8 67. Ka6 Rf6+ 68. Kb7 Rf7+ 69. Kb8 Rf8+ 70. Kb7 Rf7+ 71. Ka6 Rf6+ 72. Ka5 Rf5+ 73. Ka6 Rf6+ 1/2-1/2

[Event "*** SCC Grand Prix: Titled Tuesday Blitz"]
[Site "Chess.com"]
[Date "2020.07.07"]
[Round "5"]
[White "MergenKakabaev"]
[Black "econpower"]
[Result "1-0"]
[WhiteElo "2443"]
[BlackElo "2657"]
[TimeControl "180+1"]
[EndTime "10:57:07 PDT"]
[Termination "MergenKakabaev won on time"]

1. e4 d6 2. d4 Nf6 3. Nc3 e5 4. dxe5 dxe5 5. Qxd8+ Kxd8 6. Bc4 Be6 7. Bxe6 fxe6 8.
Be3 Bd6 9. f3 a6 10. Nge2 Ke7 11.
O-O-O Nc6 12. Na4 Nd7 13. b3 b5 14. Nb2 Na5 15. c4 bxc4 16. Bd2 Nc6 17. Nxc4 Nd4 18. Rhe1 h6 19. Bc3 Nc6 20. Rd2 Rhd8 21. Red1 Nf6 22. Kc2 Rd7 23. Nc1 Rdd8 24. Nd3 Nd7 25.
Nxd6 cxd6 26. Nb4 Nxb4+ 27. Bxb4 Rac8+ 28. Kb2 Nc5 29. Rc2 Nb7 30. Rxc8 Rxc8 31. Rc1 Rxc1 32.
Kxc1 Kd7 33. Kc2 h5 34. h4 Kc6 35. Kd3 d5 36. Bc3 Kd6 37. b4 Nd8 38. Bd2 Nc6 39. a3 Nd4 40. Be3 Nc6 41. Bc5+ Kd7 42. a4 Nd8 43. b5 a5 44. Bb6 Nb7 45. g4 g6 46. gxh5 gxh5 47. Kc3 Ke7 48. Bc7 Kf6 49. Kd2 Nc5 50. Ke3 Nxa4 51. Bxa5 Nc5 52. Bb4 Nb7 53. b6 Nd8 54. Bd6 Nb7 55. Bc7 d4+ 56. Kd2 Nc5 57. Kc2 Nb7 58. Kd3 Nc5+ 59. Kc4 Nb7 60. f4 exf4 61. Kxd4 f3 62. Ke3 e5 63. Kxf3 Ke6 64. Ke3 Nc5 65. Ke2 Nb7 66. Kd3 Na5 67. Kc3 Nb7 68. Kc4 Na5+ 69. Kb5 Nb7 70.
Ka6 Nc5+ 71. Ka7 1-0

[Event "*** SCC Grand Prix: Titled Tuesday Blitz"]
[Site "Chess.com"]
[Date "2020.07.07"]
[Round "5"]
[White "aleksandrovaleksei"]
[Black "Salem-AR"]
[Result "1/2-1/2"]
[WhiteElo "2656"]
[BlackElo "2918"]
[TimeControl "180+1"]
[EndTime "10:57:08 PDT"]
[Termination "Game drawn - insufficient material"]

1. d4 Nf6 2. c4 g6 3. Nc3 Bg7 4. e4 O-O 5. Bg5 d6 6. Qd2 Na6 7. Bd3 e5 8. d5 c6 9. Nge2 Bd7 10. O-O Nc5 11. Bc2 cxd5 12. cxd5 a5 13. h3 b5 14. Ng3 b4 15. Nd1 Bb5 16. Re1 Qb6 17. b3 Rac8 18. Nb2 Nfd7 19. Rac1 Qb7 20. Bb1 f6 21. Be3 Nb6 22. Nf1 f5 23. Bxc5 dxc5 24. Ne3 Bh6 25. Qc2 Bxe3 26. Rxe3 f4 27. Ree1 c4 28. bxc4 Nxc4 29.
Nxc4 Rxc4 30. Qb2 Qe7 31. Bc2 Kg7 32. Bb3 Rd4 33. Rcd1 Bd3 34. Bc2 Bxc2 35. Qxc2 f3 36. Rxd4 exd4 37. Qd3 Qe5 38. Rd1 fxg2 39. Qxd4 Qxd4 40.
Rxd4 Kf6 41. d6 Ke6 42. Kxg2 Rd8 43. Rd5 a4 44. Rb5 b3 45. axb3 axb3 46. Rxb3 Rxd6 47. f4 Rd7 48. Kf3 Kf7 49. h4 Ra7 50. Kg4 h6 51.
h5 gxh5+ 52. Kxh5 Ra4 53. Re3 Kf6 54. Kg4 Ke6 55. e5 h5+ 56. Kg5 h4 57. Rh3 Ra8 58.
Kxh4 Kf5 59. Rf3 Rg8 60. Rf1 Rg7 61. Kh3 Rg8 62. Rf2 Rg7 63. Kh2 Rg8 64. Rf3 Rg7 65.
Rg3 Rh7+ 66. Rh3 Rg7 67. Rh4 Rg8 68. Kh3 Rg7 69. Kh2 Rg8 70. Rh3 Kxf4 71. e6 Kf5 72. Re3 Re8 73. e7 Kf6 74. Kg3 Rxe7 75. Rxe7 Kxe7 1/2-1/2

[Event "*** SCC Grand Prix: Titled Tuesday Blitz"]
[Site "Chess.com"]
[Date "2020.07.07"]
[Round "5"]
[White "DonPreuss"]
[Black "Usurpov"]
[Result "0-1"]
[WhiteElo "2185"]
[BlackElo "2400"]
[TimeControl "180+1"]
[EndTime "10:57:10 PDT"]
[Termination "Usurpov won by resignation"]

1. d4 Nf6 2. Nc3 d5 3. e4 Nxe4 4.
Nxe4 dxe4 5. Bc4 g6 6. Ne2 Bg7 7. c3 e5 8. Qb3 O-O 9. O-O Nc6 10. Be3 exd4 11. Nxd4 Na5 12. Qb4 Nxc4 13. Qxc4 Qe7 14. Rae1 Kh8 15. f3 c6 16. fxe4 Bd7 17. Nf3 Be6 18. Qa4 b5 19. Qa6 Qc7 20. Bd4 Bc4 21. Rf2 Rae8 22. Qxa7 Qxa7 23. Bxa7 Bxa2 24. Bc5 Rg8 25. Nd4 Rc8 26. e5 Rge8 27. Rfe2 Bd5 28. h3 Kg8 29. e6 fxe6 30. Nxe6 Bh6 31. Nd4 Rxe2 32. Rxe2 Bg5 33. Kh2 Bf6 34. Bd6 Rd8 35.
Bg3 Kf7 36. Rf2 Kg7 37. Nf3 Re8 38. Bh4 Bxh4 39. Nxh4 Re4 40. Nf3 b4 41. Nd4 bxc3 42. bxc3 Re3 43. Rc2 Rd3 44. Kg1 c5 45. Ne2 Be4 46.
Kf2 c4 47. Ra2 Rd7 48. Ra4 Bd3 49. Rb4 Rf7+ 50. Ke3 Re7+ 51. Kf4 Rxe2 52. g4 Re7 53. h4 Rf7+ 54. Ke3 h6 55. Rb6 Re7+ 56. Kd4 Re4+ 57. Kd5 Rxg4 58. Rb7+ Kf6 59. Rb6+ Kf5 60. Rb8 Rxh4 61.
Rf8+ Kg5 62. Ke6 Re4+ 63. Kd5 Rf4 64. Re8 h5 65. Re1 h4 66. Rg1+ Rg4 67. Re1 h3 68. Ke5 h2 69. Rh1 Rg2 0-1

[Event "*** SCC Grand Prix: Titled Tuesday Blitz"]
[Site "Chess.com"]
[Date "2020.07.07"]
[Round "5"]
[White "Crazy_girl99"]
[Black "tsvet2005"]
[Result "1/2-1/2"]
[WhiteElo "2442"]
[BlackElo "2630"]
[TimeControl "180+1"]
[EndTime "10:57:13 PDT"]
[Termination "Game drawn - insufficient material"]

1. e4 c5 2. Nf3 d6 3. d4 cxd4 4. Nxd4 Nf6 5. Nc3 a6 6. Qd3 Nbd7 7. Qg3 Nc5 8. Bd3 e5 9. Nb3 Nxd3+ 10. cxd3 Be6 11. O-O Qd7 12. h3 Be7 13. Be3 O-O 14. d4 Bc4 15. Rfd1 Qe6 16. d5 Qd7 17. Nd2 Rfc8 18.
Rac1 Qe8 19. b3 Bb5 20. a4 Bd7 21. Nc4 b5 22. axb5 axb5 23. Nd2 b4 24. Ne2 Bb5 25. Qf3 Rxc1 26. Rxc1 Rc8 27. Ra1 Rc2 28. Ng3 g6 29. Qd1 Rc3 30. Ne2 Rc8 31. f3 Nd7 32. Ra5 Nc5 33. Nc4 Nxb3 34. Qxb3 Bxc4 35. Qb2 b3 36. Nc1 Qd8 37. Ra3 Rb8 38. Nxb3 Qc7 39. Qc3 Rc8 40. Ra7 Qb8 41. Nd2 Be2 42. Qa5 Bf8 43. Qb6 Qxb6 44.
Bxb6 Rc2 45. Be3 Bd3 46. Kf2 Bc4 47. Rc7 Bd3 48. Rxc2 Bxc2 49. g3 Ba4 50. f4 Bd7 51. h4 exf4 52. gxf4 Be7 53. Kf3 Bxh4 54. Nc4 Be7 55. e5 dxe5 56. fxe5 Bb5 57. Nd2 Kf8 58.
d6 Bh4 59. Ke4 Bc6+ 60. Kd4 Ke8 61. Nc4 Ba4 62. Nb6 Bd7 63. Kd5 Bd8 64. Nc4 Be6+ 65.
Kc5 Bxc4 66. Kxc4 Kd7 67. Kd5 h5 68. Bf4 h4 69. Ke4 Ke6 70. Be3 g5 71. Bf2 g4 72.
Kf4 g3 73. Be1 f6 74. exf6 Bxf6 75. Kg4 Kxd6 76. Bxg3+ hxg3 77. Kxg3 1/2-1/2

[Event "*** SCC Grand Prix: Titled Tuesday Blitz"]
[Site "Chess.com"]
[Date "2020.07.07"]
[Round "5"]
[White "Twitch_ElhamBlitz05"]
[Black "iaraldinho"]
[Result "1/2-1/2"]
[WhiteElo "2799"]
[BlackElo "2552"]
[TimeControl "180+1"]
[EndTime "10:57:14 PDT"]
[Termination "Game drawn by repetition"]

1. e4 c5 2. Nf3 a6 3. c3 d5 4. exd5 Qxd5 5. d4 cxd4 6. cxd4 Nf6 7. Nc3 Qd6 8. Bc4 e6 9. O-O Be7 10. Re1 O-O 11. Bg5 Rd8 12. Rc1 Nc6 13. Bxf6 Bxf6 14. Ne4 Qe7 15. Bd3 Nxd4 16. Nxf6+ Qxf6 17. Nxd4 Qxd4 18. Qf3 Qf6 19. Be4 Qxf3 20. Bxf3 Rb8 21. Rc7 Rd7 22. Rec1 Rxc7 23. Rxc7 b6 24. h4 a5 25. Ra7 Kf8 26. g3 f6 27. Bc6 e5 28.
Bd5 Bf5 29. Rf7+ Ke8 30. Rxg7 Rd8 31. Bb3 Rd6 32. f3 Bg6 33. g4 b5 34. h5 Bb1 35. Rb7 a4 36. Bg8 Rd1+ 37. Kf2 Rd2+ 38. Kg3 Rxb2 39. a3 e4 40. fxe4 Bxe4 41. Ra7 Kf8 42.
Bxh7 Rb3+ 43. Kf4 Bxh7 44. Rxh7 Rxa3 45. Rb7 Rb3 46. Kf5 Rf3+ 47. Kg6 Rf4 48. Rb8+ Ke7 49. Rb7+ Kd6 50. Rxb5 Rxg4+ 51. Kxf6 Kc6 52. Ra5 Kb6 53. Ra8 Kb5 54. h6 Rh4 55. Kg5 Rh1 56. Kg6 Kb4 57. h7 a3 58. Rb8+ Kc3 59. Rc8+ Kb2 60. Rb8+ Ka1 61. Re8 Rxh7 62. Re1+ Kb2 63. Kxh7 a2 64. Re2+ Kb1 65. Re1+ Kb2 66. Re2+ Kb1 67. Re1+ Kb2 1/2-1/2

[Event "*** SCC Grand Prix: Titled Tuesday Blitz"]
[Site "Chess.com"]
[Date "2020.07.07"]
[Round "5"]
[White "FedaMaster"]
[Black "Rodalquilar"]
[Result "0-1"]
[WhiteElo "2431"]
[BlackElo "2619"]
[TimeControl "180+1"]
[EndTime "10:57:15 PDT"]
[Termination "Rodalquilar won by resignation"]

1. e4 Nf6 2. Nc3 d5 3. exd5 Nxd5 4. Bc4 c6 5. Qf3 Nf6 6. Nge2 Bg4 7. Qg3 e6 8. f3 Bd6 9. Qf2 Bf5 10. d3 Nbd7 11. Ne4 Bc7 12. O-O Nd5 13. N2g3 Bg6 14. Bg5 f6 15.
Bd2 h5 16. Ne2 h4 17. h3 Ne5 18. Bb3 a5 19. a3 a4 20. Ba2 Bf5 21. d4 Ng6 22. Rfe1 Ngf4 23. Nxf4 Nxf4 24. Nc5 Nxh3+ 25.
gxh3 Bg3 26. Qe3 e5 27. dxe5 fxe5 28. Bc3 Qe7 29. Bxe5 Bxe1 30. Rxe1 O-O-O 31. Nxa4 Rd6 32. Nb6+ Kd8 33. Bxd6 Qxd6 34. f4 Kc7 35. Nc4 Qg6+ 36. Kh2 Re8 37. Qf2 Qg3+ 38. Qxg3 hxg3+ 39. Kxg3 Rxe1 40. Ne5 Bxc2 41. Bf7 Rb1 42. b4 Ra1 43. h4 Rxa3+ 44. Kg4 Bb3 45. Bg6 Bd5 46. f5 Rb3 47. h5 Rxb4+ 48.
Kg5 Rb2 49. f6 gxf6+ 50. Kxf6 Rf2+ 51. Kg5 Rg2+ 52. Ng4 Bf3 53. Bf5 Bxg4 54. Bxg4 Rh2 55. h6 c5 56. Bh5 Rg2+ 57. Kf6 Rh2 58. Kg5 Rg2+ 59. Bg4 Rd2 60. Be6 Rd8 61. h7 Rh8 62.
Bg8 Kd6 63. Kf6 b5 64. Kf5 c4 65. Ke4 Kc5 66. Ke3 b4 67. Kd2 Kd4 68. Kc2 b3+ 69.
Kb2 Kd3 70. Kc1 Kc3 71. Kb1 Kd2 72. Kb2 c3+ 73. Kxb3 c2 0-1